 Dungeon Crawl Stone Soup version 0.20.0-15-g7f486f2 (webtiles) character file.

14504 KleinerIrrer the Cleaver (level 12, -3/94 HPs)
             Began as a Formicid Fighter on June 25, 2017.
             Was the Champion of Okawaru.
             Slain by a large slime creature (24 damage)
             ... on level 13 of the Dungeon.
             The game lasted 00:43:17 (12790 turns).

KleinerIrrer the Cleaver (Formicid Fighter)        Turns: 12790, Time: 00:43:18

Health: -3/94      AC: 27    Str: 24    XL:     12   Next: 46%
Magic:  17/17      EV: 11    Int: 10    God:    Okawaru [******]
Gold:   750        SH: 14    Dex: 10    Spells: 11/11 levels left

rFire    + . .     SeeInvis +   a - +1 war axe (elec)
rCold    . . .     Gourm    .   c - +0 shield
rNeg     . . .     Faith    .   O - +2 plate armour {rF+}
rPois    .         Spirit   .   (helmet unavailable)
rElec    .         Reflect  .   (no cloak)
rCorr    .         Harm     .   N - +2 pair of gloves
MR       +....                  p - +2 pair of boots
Stlth    ..........             (no amulet)
Regen    0.3/turn               H - +3 ring of protection
MPRegen  0.2/turn               (no ring)

@: heroism
A: permanent stasis, dig shafts and tunnels, four strong arms, antennae 3
a: Dig, Shaft Self, Heroism, Finesse, Renounce Religion


You were on level 13 of the Dungeon.
You worshipped Okawaru.
Okawaru was exalted by your worship.
You were not hungry.

You visited 1 branch of the dungeon, and saw 13 of its levels.
You also visited: Ossuary and Bailey.

You collected 750 gold pieces.

Inventory:

Hand Weapons
 a - a +1 war axe of electrocution (weapon)
 I - a +2 mace of protection
 K - the +4 dagger "Plog" {vamp, +Blink rPois Str-3}
   (You found it on level 7 of the Dungeon)

   It inflicts no extra harm, but heals its wielder when it wounds a living foe.
   It affects your strength (-3).
   It protects you from poison.
   It lets you blink.
 P - a +0 hand crossbow
 S - a +1 quarterstaff of protection
Missiles
 r - 181 bolts
 Q - 27 tomahawks of returning (quivered)
Armour
 c - a +0 shield (worn)
 p - a +2 pair of boots (worn)
 L - +0 acid dragon scales
 N - a +2 pair of gloves (worn)
 O - a +2 plate armour of fire resistance (worn)
Magical Staves
 w - an uncursed staff of air {unknown}
Jewellery
 h - an uncursed ring of fire
 t - an uncursed amulet of magic regeneration {unknown}
 H - a +3 ring of protection (left hand)
Wands
 k - a wand of flame (18/48)
 G - a wand of clouds (5/9)
 M - a wand of iceblast (12/15)
Scrolls
 u - 4 scrolls of remove curse
 y - 5 scrolls of blinking
 z - 10 scrolls of teleportation
 D - 3 scrolls of amnesia
 F - 2 scrolls of noise
 R - 2 scrolls of identify
 V - a scroll of vulnerability {unknown}
Potions
 d - 2 potions of might
 e - a potion of magic
 i - a potion of degeneration
 j - 3 potions of flight
 l - 4 potions of curing
 n - 2 potions of mutation
 o - 3 potions of haste
 s - 3 potions of brilliance
 v - 2 potions of invisibility {unknown}
 x - 2 potions of berserk rage {unknown}
 A - 2 potions of agility {unknown}
 B - a potion of resistance {unknown}
 C - 6 potions of lignification
 T - a potion of heal wounds
Books
 b - a book of Maledictions

   Spells                             Type                      Level
   a - Corona                         Hexes                        1
   b - Ensorcelled Hibernation        Hexes/Ice                    2
   c - Confuse                        Hexes                        3
   d - Tukima's Dance                 Hexes                        3
   e - Dazzling Spray                 Conjuration/Hexes            3
 q - a book of Misfortune

   Spells                             Type                      Level
   a - Confusing Touch                Hexes                        1
   b - Confuse                        Hexes                        3
   c - Gell's Gravitas                Translocation                3
   d - Petrify                        Transmutation/Earth          4
   e - Metabolic Englaciation         Hexes/Ice                    5
   f - Yara's Violent Unravelling     Hexes/Transmutation          5
Miscellaneous
 U - a phantom mirror
Comestibles
 f - 4 bread rations
 g - 3 meat rations
 m - 3 royal jellies
 E - 6 chunks of flesh
 J - 2 fruits


   Skills:
 + Level 8.8(13.8) Fighting
 + Level 12.6(17.6) Axes
 + Level 7.7(12.7) Armour
 + Level 3.5(8.5) Dodging
 + Level 2.3(7.3) Stealth
 + Level 10.0(15.0) Shields
 * Level 7.5 Invocations


You had 11 spell levels left.
You didn't know any spells.

Dungeon Overview and Level Annotations

Branches:
Dungeon (12/15)            Temple (0/1) D:6
   Lair: D:8-11         Orc: D:9-12

Altars:
Ashenzari
Dithmenos
Elyvilon
Makhleb
Okawaru
Ru
Trog
Uskayaw
Xom

Shops:
D:6 *


Innate Abilities, Weirdness & Mutations

You cannot be hasted, slowed, berserked, paralysed or teleported.
You can dig through walls and to a lower floor.
Your four strong arms can wield two-handed weapons with a shield.
You have a pair of large antennae on your head. (SInv)


Message History

You hit the large slime creature.
Lightning courses through the large slime creature!
The large slime creature is moderately wounded.
You hit the large slime creature but do no damage.
Lightning courses through the large slime creature!
The large slime creature is moderately wounded.
Your plate armour prevents you from hitting the large slime creature.
The large slime creature is moderately wounded.
You slash the large slime creature!
Lightning courses through the large slime creature!
The large slime creature is heavily wounded.
The large slime creature hits you!!
* * * LOW HITPOINT WARNING * * *
You hit the large slime creature.
The large slime creature is heavily wounded.
You block the large slime creature's attack.
You slice the large slime creature!!
The large slime creature is severely wounded.
The large slime creature hits you!!
You die...

####.....#######..........
##........................#
####........................#
...........................###.
...##.................J........
. #.............##.{####.....
##...........####.# ##....
##......##J## ### ....
#######.@## ..). #..## ...#
#..# ..u. ##.## .... #..## .##.
##..## ##..## ##..# ##.#


You could see a large slime creature.

Vanquished Creatures
  2 two-headed ogres
  Erica (D:8)
  Nergalle (D:10)
  Sonja (D:10)
  The ghost of destino the Covert, a novice OpTm of Okawaru (D:10)
  An unseen horror (D:10)
  An orc knight (Bailey)
  An ugly thing (D:13)
  A cyclops (D:11)
  The ghost of destino the Changer, a novice OpTm of Okawaru (D:6)
  The ghost of destino the Changer, a novice OpTm of Hepliaklqana (D:5)
  3 hippogriffs
  Sigmund (D:3)
  A wyvern (D:11)
  A basilisk (D:11)
  4 yaks (D:11)
  Grum (D:10)
  5 hungry ghosts
  An acid dragon (D:11)
  3 water moccasins (D:6)
  3 ice beasts
  10 orc warriors
  2 sky beasts
  2 black bears
  A phantom (D:8)
  5 ogres
  3 wolves (D:10)
  A centaur (D:6)
  3 eyes of draining
  2 elf zombies (Ossuary)
  6 bullfrogs
  3 scorpions
  A wyvern skeleton (D:11)
  11 killer bees
  8 wights
  3 howler monkeys
  A bullfrog zombie (D:8)
  4 crimson imps
  A quasit (D:10)
  A centaur skeleton (D:11)
  2 hounds
  A centaur zombie (Ossuary)
  4 orc priests
  2 jellies
  2 bullfrog skeletons
  8 orc wizards
  3 iguanas
  6 worker ants
  2 big kobold zombies (Ossuary)
  3 hound zombies
  A hound skeleton (D:6)
  3 mummies (Ossuary)
  Robin (D:3)
  A worker ant zombie (D:10)
  7 gnolls
  19 adders
  5 shadow imps
  2 oozes
  9 adder zombies
  An adder skeleton (D:8)
  A worm (D:5)
  2 dart slugs (D:1)
  13 leopard geckos
  32 orcs
  2 ball pythons
  7 bats
  6 giant cockroaches
  22 goblins
  12 hobgoblins
  6 jackals
  20 kobolds
  3 quokkas
  5 frilled lizards
  A gnoll zombie (Ossuary)
  A goblin zombie (Ossuary)
  4 hobgoblin zombies (Ossuary)
  2 jackal zombies
  5 kobold zombies (Ossuary)
  3 orc zombies (Ossuary)
  4 quokka zombies (Ossuary)
  9 rats
  3 rat zombies (Ossuary)
348 creatures vanquished.

Vanquished Creatures (others)
  5 dream sheep (D:5)
5 creatures vanquished.

Grand Total: 353 creatures vanquished

Notes
Turn   | Place    | Note
-------+----------+-------------------------------------------
     0 | D:1      | KleinerIrrer the Formicid Fighter began the quest for the Orb.
     0 | D:1      | Reached XP level 1. HP: 18/18 MP: 1/1
    74 | D:1      | Reached XP level 2. HP: 24/24 MP: 2/2
   435 | D:1      | Reached XP level 3. HP: 27/29 MP: 3/3
   571 | D:2      | Found a white marble altar of Elyvilon.
   774 | D:2      | Reached XP level 4. HP: 15/37 MP: 4/4
  1004 | D:2      | Found a hide-covered altar of Uskayaw.
  1015 | D:2      | Reached skill level 3 in Axes
  1479 | D:2      | Reached XP level 5. HP: 42/42 MP: 5/5
  2090 | D:3      | Noticed Robin
  2101 | D:3      | Reached skill level 1 in Dodging
  2104 | D:3      | Killed Robin
  2118 | D:3      | Reached XP level 6. HP: 7/48 MP: 6/6
  2123 | D:3      | Reached skill level 4 in Axes
  2395 | D:3      | Noticed Sigmund
  2405 | D:3      | Killed Sigmund
  2405 | D:3      | Reached skill level 5 in Shields
  2405 | D:3      | Reached XP level 7. HP: 39/55 MP: 7/7
  2606 | D:3      | Found an iron altar of Okawaru.
  2618 | D:3      | Became a worshipper of Warmaster Okawaru
  3209 | D:4      | Found a sand-covered staircase.
  3222 | D:4      | Reached skill level 5 in Axes
  3239 | Ossuary  | Entered an ossuary
  3407 | Ossuary  | Reached skill level 1 in Stealth
  3553 | Ossuary  | Reached XP level 8. HP: 52/61 MP: 8/8
  3621 | Ossuary  | Reached skill level 6 in Axes
  3874 | D:4      | Found a shattered altar of Ashenzari.
  3933 | D:4      | Found a burning altar of Makhleb.
  4147 | D:5      | Entered Level 5 of the Dungeon
  4202 | D:5      | Reached skill level 5 in Fighting
  4438 | D:5      | Reached * piety under Okawaru
  4501 | D:5      | Reached skill level 7 in Axes
  4646 | D:5      | Reached skill level 5 in Armour
  4673 | D:5      | Found a shimmering altar of Xom.
  4673 | D:5      | Noticed a dream sheep
  4673 | D:5      | Noticed a dream sheep
  4673 | D:5      | Noticed a dream sheep
  4673 | D:5      | Noticed a dream sheep
  4673 | D:5      | Noticed a dream sheep
  4678 | D:5      | Killed a dream sheep
  4679 | D:5      | Killed a dream sheep
  4679 | D:5      | Killed a dream sheep
  4679 | D:5      | Killed a dream sheep
  4679 | D:5      | Killed a dream sheep
  4691 | D:5      | Noticed destino's ghost (novice OpTm)
  4711 | D:5      | Killed destino's ghost
  4711 | D:5      | Reached ** piety under Okawaru
  4711 | D:5      | Reached XP level 9. HP: 25/68 MP: 7/9
  5263 | D:5      | Reached skill level 8 in Axes
  5853 | D:6      | Noticed destino's ghost (novice OpTm)
  5865 | D:6      | Killed destino's ghost
  5865 | D:6      | Reached skill level 9 in Axes
  6238 | D:6      | Found Taifi's Serpentskin Sales.
  6284 | D:6      | Reached *** piety under Okawaru
  6603 | D:6      | Found a staircase to the Ecumenical Temple.
  6697 | D:7      | Got a pitted dagger
  6699 | D:7      | Identified the +4 dagger "Plog" {vamp, +Blink rPois Str-3} (You found it on level 7 of the Dungeon)
  6801 | D:7      | Reached skill level 1 in Invocations
  7108 | D:7      | Reached XP level 10. HP: 76/76 MP: 9/11
  7663 | D:8      | Found a sacrificial altar of Ru.
  7731 | D:8      | Reached skill level 10 in Axes
  7850 | D:8      | Reached **** piety under Okawaru
  7959 | D:8      | Noticed Erica
  7974 | D:8      | Killed Erica
  8320 | D:8      | Found a bloodstained altar of Trog.
  8320 | D:8      | Found a shadowy altar of Dithmenos.
  9033 | D:10     | Entered Level 10 of the Dungeon
  9041 | D:10     | Noticed Grum
  9076 | D:10     | Killed Grum
  9076 | D:10     | Reached XP level 11. HP: 24/83 MP: 12/14
  9139 | D:10     | Noticed destino's ghost (novice OpTm)
  9153 | D:10     | Killed destino's ghost
  9153 | D:10     | Reached ***** piety under Okawaru
  9153 | D:10     | Reached skill level 11 in Axes
  9153 | D:10     | Reached skill level 5 in Invocations
  9181 | D:10     | Found a flagged portal.
  9194 | Bailey   | Entered a bailey
  9423 | Bailey   | Noticed an orc knight
  9474 | Bailey   | Killed an orc knight
 10456 | D:10     | Noticed Nergalle
 10486 | D:10     | Killed Nergalle
 10486 | D:10     | Received a gift from Okawaru
 10591 | D:10     | Noticed a two-headed ogre
 10607 | D:10     | Killed a two-headed ogre
 10886 | D:10     | Noticed an unseen horror
 10902 | D:10     | Killed an unseen horror
 11025 | D:10     | Noticed Sonja
 11050 | D:10     | Killed Sonja
 11050 | D:10     | Reached skill level 12 in Axes
 11727 | D:11     | Reached XP level 12. HP: 92/92 MP: 17/17
 12161 | D:11     | Reached ****** piety under Okawaru
 12161 | D:11     | Received a gift from Okawaru
 12406 | D:12     | Noticed a two-headed ogre
 12417 | D:12     | Killed a two-headed ogre
 12558 | D:12     | Reached skill level 10 in Shields
 12712 | D:12     | You fall through a shaft!
 12790 | D:13     | Slain by a large slime creature

Skill      XL: |  1  2  3  4  5  6  7  8  9 10 11 12 |
---------------+-------------------------------------+-----
Shields        | 4 5 7 9 10 | 10.0
Axes           | 3 4 5 7 9 10 12 | 12.6
Dodging        | 1 2 3 |  3.5
Fighting       | 4 5 6 8 |  8.8
Armour         | 4 5 6 7 |  7.7
Stealth        | 1 2 |  2.3
Invocations    | 1 4 6 7 |  7.5

Action                   |  1- 3 |  4- 6 |  7- 9 | 10-12 || total
-------------------------+-------+-------+-------+-------++-------
Melee: War axe           |    87 |   120 |   403 |   779 ||  1389
       Mace              |       |       |    77 |       ||    77
Invok: Heroism           |       |       |     3 |     9 ||    12
       Finesse           |       |       |       |     2 ||     2
  Use: Scroll            |       |     6 |     3 |    11 ||    20
       Potion            |       |     1 |     4 |     7 ||    12
 Stab: Paralysed         |       |       |       |     1 ||     1
  Eat: Chunk             |       |     5 |     8 |    18 ||    31
       Bread ration      |       |       |     2 |     2 ||     4
       Meat ration       |       |       |     1 |       ||     1
       Royal jelly       |       |       |       |     1 ||     1
Armor: Scale mail        |    31 |    54 |    78 |       ||   163
       Chain mail        |       |       |   140 |       ||   140
       Ring mail         |       |       |     1 |   104 ||   105
       Plate armour      |       |       |       |   145 ||   145
Dodge: Dodged            |    27 |    44 |   155 |   240 ||   466
Block: Shield            |    44 |    76 |   253 |   384 ||   757
